 Seeded DCSS version 0.26.0-45-g9c1d065592 (webtiles) character file.

Game seed: 12168637415130783165 (custom seed)

164649 kaeus the Omniscient (level 17, 0/93 HPs)
             Began as a Gnoll Venom Mage on Jan 31, 2021.
             Was the Champion of Ashenzari.
             Slain by a spatial maelstrom (7 damage)
             ... on level 3 of the Abyss.
             The game lasted 01:10:35 (34012 turns).

kaeus the Omniscient (Gnoll Venom Mage)            Turns: 34012, Time: 01:10:35

Health: 0/93       AC: 17    Str:  6 (7)  XL:     17   Next: 86%
Magic:  36/42      EV: 22    Int: 22      God:    Ashenzari [******]
Gold:   1821       SH: 11    Dex: 22      Spells: 1/41 levels left

rFire    + + +     SeeInvis +   z - +10 lance "Wyrmbane" {slay drac, rPois rF+ rC+ AC+3} (curse)
rCold    + . .     Faith    .   O - +2 buckler (curse)
rNeg     + + +     Spirit   .   q - +3 salamander hide armour {Flames rF++ rC--} (curse)
rPois    +         Reflect  .   (helmet restricted)
rElec    .         Harm     .   k - scarf {repulsion}
rCorr    .         Rampage  .   E - +0 pair of gloves
Will     +....     Clarity  +   T - +1 pair of boots Stlth ++++++....Rnd*Tele +
                                B - amulet of the Enemy {Acrobat rC+ Int+3} (curse)
HPRegen  0.25/turn              V - ring of the Jumping Fool {rC+ rN+ Dex+6} (curse)
MPRegen  0.28/turn              F - ring "Zerghek" {+Fly rN++ MP+9 Str-5 Int-4} (curse)

@: repel missiles
A: distributed training, fangs 1, horns 1, talons 1, icy blue scales 1, thin
skeletal structure 1, agile 1, [blurry vision 3], [clumsy 2], [deterioration 2],
[frail 3], [screaming 2], shaggy fur 1, [teleportitis 2], strong nose
a: Renounce Religion, Evoke Flight, Curse Item, Scrying


You were on level 3 of the Abyss.
You worshipped Ashenzari.
Ashenzari was exalted by your worship.
You visited 5 branches of the dungeon, and saw 26 of its levels.
You visited the Abyss 1 time.
You also visited: Ossuary.

You collected 4299 gold pieces.
You spent 2478 gold pieces at shops.

Inventory:

Hand Weapons
 z - the cursed +10 lance "Wyrmbane" (weapon) {slay drac, rPois rF+ rC+ AC+3}
   (You took it off Maggie on level 6 of the Dungeon)

   It affects your AC (+3).
   It protects you from fire.
   It protects you from cold.
   It protects you from poison.
   It has a curse placed upon it.
Armour
 k - a scarf of repulsion (worn)
 q - the cursed +3 salamander hide armour (worn) {Flames rF++ rC--}
   (You found it on level 4 of the Dungeon)

   It greatly protects you from fire.
   It makes you very vulnerable to cold.
   It has a curse placed upon it.
 E - a +0 pair of gloves (worn)
 O - a cursed +2 buckler (worn)
 T - a +1 pair of boots (worn)
Magical Staves
 s - an uncursed staff of conjuration
 K - a cursed staff of earth
Jewellery
 B - the cursed amulet of the Enemy (around neck) {Acrobat rC+ Int+3}
   (You found it on level 2 of the Orcish Mines)

   [amulet of the acrobat]

   It helps you evade while moving and waiting.
   It affects your intelligence (+3).
   It protects you from cold.
   It has a curse placed upon it.
 F - the cursed ring "Zerghek" (right hand) {+Fly rN++ MP+9 Str-5 Int-4}
   (You bought it in a shop on level 7 of the Dungeon)

   [ring of magical power]

   It affects your strength (-5).
   It affects your intelligence (-4).
   It greatly protects you from negative energy.
   It affects your magic capacity (+9).
   It lets you fly.
   It has a curse placed upon it.
 V - the cursed ring of the Jumping Fool (left hand) {rC+ rN+ Dex+6}
   (You found it on level 4 of the Lair of Beasts)

   [ring of dexterity]

   It affects your dexterity (+6).
   It protects you from cold.
   It protects you from negative energy.
   It has a curse placed upon it.
Wands
 h - a wand of enslavement (8)
 m - a wand of iceblast (50)
 w - a wand of acid (7)
 x - a wand of disintegration (25)
 C - a wand of polymorph (67)
 D - a wand of digging (7)
 H - a wand of random effects (14)
 N - a wand of paralysis (11)
Scrolls
 a - a scroll of fog
 b - 19 scrolls of teleportation
 f - 9 scrolls of identify
 i - 7 scrolls of remove curse
 n - 2 scrolls of fear
 t - 4 scrolls of immolation
 u - 6 scrolls of magic mapping
 y - a scroll of brand weapon
 G - a scroll of holy word {unknown}
 M - 9 scrolls of blinking
 R - 5 scrolls of enchant weapon
 U - 3 scrolls of amnesia
Potions
 c - 18 potions of curing
 d - 5 potions of attraction {unknown}
 e - 15 potions of ambrosia
 g - 6 potions of magic
 j - 2 potions of heal wounds
 l - 9 potions of lignification
 o - 2 potions of cancellation
 p - 8 potions of haste
 v - 3 potions of flight
 A - a potion of berserk rage
 I - a potion of brilliance
 P - 5 potions of might
 S - a potion of invisibility {unknown}


   Skills:
 + Level 11.8 Fighting
 + Level 11.8 Short Blades
 + Level 11.8 Long Blades
 + Level 11.8 Axes
 + Level 11.8 Maces & Flails
 + Level 11.8(15.9) Polearms
 + Level 11.8 Staves
 + Level 11.8 Slings
 + Level 11.8 Bows
 + Level 11.8 Crossbows
 + Level 11.8 Throwing
 + Level 11.8 Armour
 + Level 12.5 Dodging
 + Level 12.4 Stealth
 + Level 11.8(14.5) Shields
 + Level 11.8 Unarmed Combat
 + Level 12.6 Spellcasting
 + Level 10.1(14.3) Conjurations
 + Level 10.1(14.3) Hexes
 + Level 10.1(14.3) Summonings
 + Level 10.1(14.3) Necromancy
 + Level 10.1(14.3) Translocations
 + Level 10.3(14.5) Transmutations
 + Level 10.1(14.3) Fire Magic
 + Level 10.1(14.3) Ice Magic
 + Level 10.1(14.3) Air Magic
 + Level 10.1(14.3) Earth Magic
 + Level 11.3(15.5) Poison Magic
 + Level 12.7 Invocations
 + Level 11.8(15.9) Evocations


You had one spell level left.
You knew the following spells:

 Your Spells              Type           Power        Failure   Level
a - Sting                 Tmut/Pois      100%         0%          1
b - Olgreb's Toxic Radia  Pois           70%          1%          4
c - Ignite Poison         Fire/Tmut/Pois 87%          1%          3
d - Mephitic Cloud        Conj/Pois/Air  68%          1%          3
e - Summon Lightning Spi  Summ/Air       67%          1%          4
f - Summon Guardian Gole  Hex/Summ       67%          1%          3
g - Ozocubu's Refrigerat  Ice            33%          2%          6
h - Borgnjor's Vile Clut  Necr/Erth      33%          1%          5
i - Iron Shot             Conj/Erth      33%          2%          6
j - Fireball              Conj/Fire      43%          1%          5

Your spell library contained the following spells:

 Spells                   Type           Power        Failure   Level
 Animate Skeleton         Necr           100%         1%          1
 Corona                   Hex            74%          1%          1
 Foxfire                  Conj/Fire      100%         1%          1
 Pain                     Necr           100%         1%          1
 Summon Small Mammal      Summ           100%         1%          1
 Call Imp                 Summ           67%          1%          2
 Ensorcelled Hibernation  Hex/Ice        100%         1%          2
 Poisonous Vapours        Pois/Air       100%         1%          2
 Call Canine Familiar     Summ           67%          1%          3
 Confusing Touch          Hex            67%          1%          3
 Conjure Flame            Conj/Fire      86%          1%          3
 Dazzling Flash           Conj/Hex       100%         1%          3
 Spider Form              Tmut/Pois      34%          1%          3
 Tukima's Dance           Hex            67%          1%          3
 Vampiric Draining        Necr           33%          1%          3
 Animate Dead             Necr           33%          1%          4
 Ice Form                 Ice/Tmut       67%          1%          4
 Sticky Flame             Conj/Fire      86%          1%          4
 Summon Ice Beast         Ice/Summ       67%          1%          4
 Agony                    Necr           67%          1%          5
 Bolt of Magma            Conj/Fire/Erth 43%          1%          5
 Iskenderun's Battlesphe  Conj           67%          1%          5
 Death Channel            Necr           33%          2%          6
 Freezing Cloud           Conj/Ice/Air   33%          2%          6
 Simulacrum               Ice/Necr       33%          2%          6
 Starburst                Conj/Fire      43%          2%          6
 Malign Gateway           Summ/Tloc      33%          14%         7
 Monstrous Menagerie      Summ           33%          14%         7
 Orb of Destruction       Conj           33%          14%         7
 Spellforged Servitor     Conj/Summ      33%          14%         7
 Summon Greater Demon     Summ           33%          14%         7
 Ignition                 Fire           43%          75%         8
 Summon Horrible Things   Summ           33%          75%         8


Dungeon Overview and Level Annotations

Branches:
Dungeon (15/15)            Temple (0/1) D:7            Lair (6/6) D:9
  Swamp (0/4) Lair:3        Snake (1/4) Lair:4        Slime (0/5) Lair:6
    Orc (2/2) D:10            Elf (2/3) Orc:2        Vaults (0/5) D:14
 Depths (0/5) D:15        Ossuary (visited)

Altars:
Ashenzari
Dithmenos
Elyvilon
Fedhas
Okawaru
Ru
Trog
Uskayaw
Vehumet
Wu Jian
Yredelemnul
Beogh
Jiyva

Shops:
D:7 ==*   D:12 =   Orc:2 =([*   Elf:1 :   Elf:2 (*

Annotations:
D:15 exclusion: orange crystal statue
Snake:1 Louise


Innate Abilities, Weirdness & Mutations

Your experience applies equally to all skills.
You have very sharp teeth.
Your uncanny sense of smell can sniff out nearby items.
You have a pair of small horns on your head.
You have sharp toenails.
You are partially covered in icy blue scales. (AC +2)
You have a somewhat thin skeletal structure. (Dex +2, Stealth)
You are agile. (Dex +2)
You are covered in fur. (AC +1)
[Scrolls take you much longer to read.]
[You are very clumsy. (Dex -4)]
[Your body often deteriorates upon taking damage.]
[You are extremely frail. (-30% HP)]
[You sometimes yell uncontrollably at your foes.]
[You are sometimes teleported next to monsters.]


Message History

* * * LOW HITPOINT WARNING * * *
You blink.
The thrashing horror is engulfed in blazing flames.
A chorus of shrieks assaults your mind.
* * * LOW HITPOINT WARNING * * *
Your body deteriorates!
You feel weakened.
The spatial maelstrom is engulfed in blazing flames.
The wretched star glows turbulently.
The lance of force misses you.
The thrashing horror is engulfed in blazing flames.
A starcursed mass splits.
You take 8 damage, and have 15/93 hp.
The thrashing horror is engulfed in blazing flames.
The spatial maelstrom is engulfed in blazing flames.
You block the spatial maelstrom's attack. x2
The spatial maelstrom is engulfed in blazing flames.
The spatial maelstrom hits you!
* * * LOW HITPOINT WARNING * * *
Space bends around you!
You die...

* ,,,, , * , , , ,** ,, ,
**#. *,{ ,,, { { ,* , * , ,
.. , , *, * , ,, , , , ##
#####+#####...,, * *
#.,**#.v#.##°∩.......#**,,,
, *{#.##..v....##X☼###.##
**, ,,,
,*,...##v....v.#v##.##* ,**
* ,
*,....#.##..X.vv○._.#,*,, *
,,, , ,,,.....#.vvv*@○..##
, *,,,, *,* ,##
,#X.#.X☼○###,* ,*, ,
,**,,,#...XX.v..#..# , ** *
,, , #...#..X.#..v# * , ,,
##..{#...###..# , ,* ,
,**,,# ...#####,#..#,,*** ,
** ** ,,*..... *,,,...#,,
,,, ,,, ***,,# ...*# ,
,#..# * , * , ,,*,, ##.##**
,, ..# , **


You could see 5 starcursed masses, 2 spatial maelstroms, a wretched star, 9
spatial vortices and a thrashing horror.

Vanquished Creatures
  A profane servitor (Abyss:3)
  Rupert (D:12)
  The ghost of Renzlar the Blocker, an adept GnFi of Okawaru (Elf:1)
  A tentacled starspawn (Abyss:3)
  Frances (D:12)
  3 orc warlords (Orc:2)
  A deep elf annihilator (Elf:2)
  Snorg (D:12)
  A blizzard demon (Abyss:3)
  2 deep elf death magi
  2 crystal guardians (D:15)
  A yaktaur captain (D:15)
  3 boulder beetles
  An ice dragon (Lair:3)
  10 hydras
  An anaconda (Lair:6)
  3 centaur warriors (D:15)
  An ogre mage (D:15)
  8 two-headed ogres
  3 catoblepae
  A starcursed mass (Abyss:3)
  16 dancing weapons
  A death knight (D:13)
  A tengu warrior (D:14)
  3 orc high priests (Orc:2)
  A golden dragon zombie (Abyss:3)
  13 deep elf knights
  9 deep elf archers
  11 orc knights
  Pikel (D:6)
  30 deep elf magi
  A lindwurm (Lair:4)
  A necromancer (Lair:4)
  2 manticores
  An iron dragon zombie (Abyss:3)
  2 ugly things
  2 wolf spiders (Lair:6)
  2 cyclopes
  7 orc sorcerers
  A worldbinder (Abyss:3)
  Joseph (D:8)
  14 elephants
  12 black mambas
  An ice statue (Lair:3)
  3 centaur zombies
  A guardian serpent (Lair:6)
  19 cane toads
  A kobold demonologist (D:14)
  A rime drake (Lair:3)
  Maggie (D:6)
  7 komodo dragons
  A yaktaur (D:15)
  2 freezing wraiths (D:13)
  14 polar bears
  2 tengu conjurers
  2 queen bees
  7 trolls
  6 meliai
  A wind drake (shapeshifter) (D:14)
  2 hornets (Lair:6)
  6 slime creatures (D:15)
  A dream sheep (shapeshifter) (D:14)
  4 raiju (Lair:6)
  17 blink frogs
  A shadow (D:15)
  A water elemental (Elf:1)
  Sigmund (D:5)
  A vampire (D:12)
  6 wraiths
  51 yaks
  A large abomination (Abyss:3)
  16 wyverns
  A human (shapeshifter) (D:13)
  8 basilisks
  6 fire bats (Elf:2)
  A naga (Snake:1)
  2 steam dragons (Lair:4)
  12 wargs
  A soldier ant (D:15)
  2 acid dragons
  13 hell hounds (Lair:6)
  32 water moccasins
  4 sky beasts
  2 black bears (shapeshifter) (D:14)
  35 orc warriors
  2 phantoms
  2 necrophages
  12 black bears
  11 ice beasts
  23 ogres
  2 eyes of draining
  32 wolves
  10 centaurs
  4 lemures (D:6)
  A big kobold (D:11)
  24 bullfrogs
  2 gnoll sergeants
  A wyvern zombie (D:14)
  An earth elemental (Elf:2)
  4 small abominations (Abyss:3)
  6 scorpions
  11 wights
  69 killer bees
  14 howler monkeys
  2 electric eels (Lair:3)
  3 jellies
  2 quasits
  2 bullfrog zombies (D:5)
  A gnoll shaman (D:9)
  7 hounds
  15 orc priests
  5 bullfrog skeletons
  6 centaur skeletons
  17 orc wizards
  3 iguanas
  Terence (D:3)
  7 worker ants
  7 hell rats
  5 yak simulacra (Lair:4)
  3 polar bear simulacra (Lair:4)
  A hound zombie (D:7)
  A hound skeleton (D:4)
  A worker ant zombie (D:8)
  A howler monkey skeleton (D:7)
  12 gnolls
  17 adders
  2 shadow imps
  3 white imps
  4 ufetubi
  An ooze (D:4)
  3 adder zombies
  3 adder skeletons
  2 worms
  A dart slug (D:3)
  4 leopard geckos
  113 orcs
  2 ball pythons
  7 giant cockroaches
  4 goblins
  18 hobgoblins
  6 jackals
  5 quokkas
  2 ball python skeletons (Ossuary)
  4 bats
  8 frilled lizards
  3 hobgoblin zombies (Ossuary)
  26 kobolds
  A kobold zombie (Ossuary)
  A leopard gecko zombie (D:5)
  5 rats
  3 river rat simulacra (Lair:4)
  5 bushes
  A starspawn tentacle (Abyss:3)
1062 creatures vanquished.

Vanquished Creatures (collateral kills)
  A wretched star (Abyss:3)
  6 oklob plants (Lair:4)
  A large abomination (Abyss:3)
  A starcursed mass (Abyss:3)
  An ancient zyme (Abyss:3)
  A chaos spawn (Abyss:3)
11 creatures vanquished.

Vanquished Creatures (others)
  An ice beast (Lair:3)
  A white imp (Lair:3)
  An orc (D:3)
  A butterfly (Lair:3)
  123 fungi
  243 plants
  3 starspawn tentacles (Abyss:3)
373 creatures vanquished.

Grand Total: 1446 creatures vanquished

Notes
Turn   | Place    | Note
-------+----------+-------------------------------------------
     0 | D:1      | kaeus the Gnoll Venom Mage began the quest for the Orb.
     0 | D:1      | Reached XP level 1. HP: 13/13 MP: 6/6
   109 | D:1      | Reached XP level 2. HP: 19/19 MP: 2/7
   660 | D:1      | Reached XP level 3. HP: 25/25 MP: 6/9
   741 | D:1      | Reached skill level 5 in Spellcasting
  1010 | D:2      | Found an iron altar of Okawaru.
  1223 | D:2      | Reached skill level 1 in Invocations
  1734 | D:2      | Reached skill level 1 in Fighting
  1734 | D:2      | Reached skill level 1 in Short Blades
  1734 | D:2      | Reached skill level 1 in Long Blades
  1734 | D:2      | Reached skill level 1 in Axes
  1734 | D:2      | Reached skill level 1 in Maces & Flails
  1734 | D:2      | Reached skill level 1 in Polearms
  1734 | D:2      | Reached skill level 1 in Staves
  1734 | D:2      | Reached skill level 1 in Slings
  1734 | D:2      | Reached skill level 1 in Bows
  1734 | D:2      | Reached skill level 1 in Crossbows
  1734 | D:2      | Reached skill level 1 in Throwing
  1734 | D:2      | Reached skill level 1 in Armour
  1734 | D:2      | Reached skill level 1 in Shields
  1734 | D:2      | Reached skill level 1 in Unarmed Combat
  1734 | D:2      | Reached skill level 1 in Evocations
  2196 | D:3      | Reached XP level 4. HP: 30/32 MP: 4/11
  2200 | D:3      | Reached skill level 1 in Conjurations
  2200 | D:3      | Reached skill level 1 in Hexes
  2200 | D:3      | Reached skill level 1 in Summonings
  2200 | D:3      | Reached skill level 1 in Necromancy
  2200 | D:3      | Reached skill level 1 in Translocations
  2200 | D:3      | Reached skill level 1 in Fire Magic
  2200 | D:3      | Reached skill level 1 in Ice Magic
  2200 | D:3      | Reached skill level 1 in Air Magic
  2200 | D:3      | Reached skill level 1 in Earth Magic
  2330 | D:3      | Learned a level 4 spell: Olgreb's Toxic Radiance
  2334 | D:3      | Learned a level 3 spell: Ignite Poison
  2338 | D:3      | Learned a level 3 spell: Mephitic Cloud
  2373 | D:3      | Noticed Terence
  2387 | D:3      | Killed Terence
  2388 | D:3      | Reached XP level 5. HP: 37/37 MP: 2/12
  3161 | D:4      | Found a shadowy altar of Dithmenos.
  3223 | D:4      | Found a hide-covered altar of Uskayaw.
  3316 | D:4      | Found the +3 salamander hide armour {Flames rF++ rC--}
  3477 | D:4      | Reached XP level 6. HP: 44/44 MP: 7/13
  3840 | D:5      | Entered Level 5 of the Dungeon
  3903 | D:5      | Reached skill level 5 in Dodging
  4279 | D:5      | Found a bloodstained altar of Trog.
  4279 | D:5      | Found a white marble altar of Elyvilon.
  4308 | D:5      | Reached XP level 7. HP: 50/50 MP: 4/15
  4441 | D:5      | Noticed Sigmund
  4452 | D:5      | Killed Sigmund
  4595 | D:5      | Found an ornate altar of the Wu Jian Council.
  4602 | D:5      | Reached skill level 5 in Stealth
  5170 | D:6      | Found a blossoming altar of Fedhas.
  5180 | D:6      | Noticed Pikel
  5194 | D:6      | Killed Pikel
  5195 | D:6      | Reached XP level 8. HP: 51/58 MP: 12/17
  5517 | D:6      | Found a broken altar of Ashenzari.
  5538 | D:6      | Became a worshipper of Ashenzari the Shackled
  5920 | D:6      | Reached XP level 9. HP: 55/65 MP: 18/18
  5945 | D:6      | Noticed Maggie
  5963 | D:6      | Killed Maggie
  6111 | D:7      | Found Kilaklim's Jewellery Shoppe.
  6236 | D:7      | Found a sand-covered staircase.
  6243 | Ossuary  | Entered an ossuary
  6699 | D:7      | Reached skill level 5 in Invocations
  6715 | D:7      | Found a staircase to the Ecumenical Temple.
  6904 | D:7      | Reached XP level 10. HP: 73/73 MP: 20/20
  6911 | D:7      | Found Qusivo Qyikh's General Store.
  7097 | D:7      | Found Kuyperug's Jewellery Boutique.
  7100 | D:7      | Bought the ring "Zerghek" {+Fly rN++ MP+9 Str-5 Int-4} for
                  | 207 gold pieces
  7450 | D:8      | Reached skill level 5 in Fighting
  7450 | D:8      | Reached skill level 5 in Short Blades
  7450 | D:8      | Reached skill level 5 in Long Blades
  7450 | D:8      | Reached skill level 5 in Axes
  7450 | D:8      | Reached skill level 5 in Maces & Flails
  7450 | D:8      | Reached skill level 5 in Polearms
  7450 | D:8      | Reached skill level 5 in Staves
  7450 | D:8      | Reached skill level 5 in Slings
  7450 | D:8      | Reached skill level 5 in Bows
  7450 | D:8      | Reached skill level 5 in Crossbows
  7450 | D:8      | Reached skill level 5 in Throwing
  7450 | D:8      | Reached skill level 5 in Armour
  7450 | D:8      | Reached skill level 5 in Shields
  7450 | D:8      | Reached skill level 5 in Unarmed Combat
  7450 | D:8      | Reached skill level 5 in Evocations
  7804 | D:8      | Noticed Joseph
  7814 | D:8      | Killed Joseph
  7962 | D:8      | Noticed a two-headed ogre
  7975 | D:8      | Killed a two-headed ogre
  7976 | D:8      | Reached skill level 5 in Transmutations
  7992 | D:8      | Found a roughly hewn altar of Beogh.
  8690 | D:9      | Found a sacrificial altar of Ru.
  8781 | D:9      | Reached * piety under Ashenzari
  8900 | D:9      | Identified the ring of Xaohayts {rPois Will+ Str+3}
  8985 | D:9      | Reached XP level 11. HP: 77/81 MP: 19/22
  9292 | D:9      | Reached skill level 5 in Conjurations
  9292 | D:9      | Reached skill level 5 in Hexes
  9292 | D:9      | Reached skill level 5 in Summonings
  9292 | D:9      | Reached skill level 5 in Necromancy
  9292 | D:9      | Reached skill level 5 in Translocations
  9292 | D:9      | Reached skill level 5 in Fire Magic
  9292 | D:9      | Reached skill level 5 in Ice Magic
  9292 | D:9      | Reached skill level 5 in Air Magic
  9292 | D:9      | Reached skill level 5 in Earth Magic
  9798 | D:9      | Found a staircase to the Lair.
  9899 | D:10     | Entered Level 10 of the Dungeon
 10197 | Lair:1   | Entered Level 1 of the Lair of Beasts
 10335 | Lair:1   | Noticed a six-headed hydra
 10346 | Lair:1   | Killed a six-headed hydra
 10668 | Lair:1   | Reached ** piety under Ashenzari
 11579 | Lair:2   | Found a hide-covered altar of Uskayaw.
 12092 | Lair:3   | Noticed an ice dragon
 12093 | Lair:3   | Noticed a catoblepas
 12100 | Lair:3   | Reached XP level 12. HP: 89/89 MP: 24/24
 12111 | Lair:3   | Learned a level 4 spell: Summon Lightning Spire
 12115 | Lair:3   | Learned a level 3 spell: Summon Guardian Golem
 12155 | Lair:3   | Killed an ice dragon
 12258 | Lair:3   | Found a staircase to the Swamp.
 12651 | Lair:3   | Found the +2 Maxwell's thermic engine {flame, freeze}
 12820 | Lair:3   | Killed a catoblepas
 12909 | Lair:3   | Identified the Handbook of Congealing Transmutation
 12963 | Lair:3   | Gained mutation: You have large cloven feet. [potion of
                  | mutation]
 12963 | Lair:3   | Gained mutation: You possess an exceptional clarity of
                  | mind. [potion of mutation]
 12964 | Lair:3   | Lost mutation: You possess an exceptional clarity of mind.
                  | [potion of mutation]
 12964 | Lair:3   | Gained mutation: [Scrolls take you a little longer to
                  | read.] [potion of mutation]
 12964 | Lair:3   | Gained mutation: You are agile. (Dex +2) [potion of
                  | mutation]
 12965 | Lair:3   | Lost mutation: [Scrolls take you a little longer to read.]
                  | [potion of mutation]
 12965 | Lair:3   | Lost mutation: You have large cloven feet. [potion of
                  | mutation]
 12965 | Lair:3   | Lost mutation: You are agile. (Dex +2) [potion of mutation]
 12965 | Lair:3   | Gained mutation: Armour fits poorly on your strangely
                  | shaped body. [potion of mutation]
 12965 | Lair:3   | Gained mutation: Your system is resistant to poisons.
                  | (rPois) [potion of mutation]
 12966 | Lair:3   | Lost mutation: Armour fits poorly on your strangely shaped
                  | body. [potion of mutation]
 12966 | Lair:3   | Lost mutation: Your system is resistant to poisons. (rPois)
                  | [potion of mutation]
 12966 | Lair:3   | Gained mutation: [You occasionally shout uncontrollably at
                  | your foes.] [potion of mutation]
 12966 | Lair:3   | Gained mutation: Your muscles are strong. (Str +2) [potion
                  | of mutation]
 12966 | Lair:3   | Gained mutation: You have sharp toenails. [potion of
                  | mutation]
 13285 | Lair:3   | Reached *** piety under Ashenzari
 13810 | Lair:3   | Learned a level 1 spell: Pain
 14657 | Lair:4   | Noticed a catoblepas
 14669 | Lair:4   | Killed a catoblepas
 14780 | Lair:4   | Noticed a boulder beetle
 14784 | Lair:4   | Reached XP level 13. HP: 17/98 MP: 19/26
 15184 | Lair:4   | Identified the ring of the Jumping Fool {rC+ rN+ Dex+6}
 15444 | Lair:4   | Found a staircase to the Snake Pit.
 17341 | Lair:5   | Reached skill level 10 in Spellcasting
 17498 | Lair:5   | Reached **** piety under Ashenzari
 17656 | Lair:5   | Reached XP level 14. HP: 106/106 MP: 28/28
 17666 | Lair:5   | Reached skill level 10 in Dodging
 18044 | Lair:5   | Learned a level 5 spell: Borgnjor's Vile Clutch
 18047 | Lair:6   | Entered Level 6 of the Lair of Beasts
 18068 | Lair:6   | Reached skill level 10 in Stealth
 18261 | Lair:6   | Reached skill level 10 in Invocations
 18801 | Lair:6   | Found a basalt altar of Yredelemnul.
 18817 | Lair:6   | Found a staircase to the Slime Pits.
 18819 | Lair:6   | Found a viscous altar of Jiyva.
 19331 | Lair:6   | Reached XP level 15. HP: 114/115 MP: 29/29
 20550 | D:10     | Reached ***** piety under Ashenzari
 20603 | D:10     | Found a roughly hewn altar of Beogh.
 20605 | D:10     | Found a staircase to the Orcish Mines.
 20973 | Orc:1    | Entered Level 1 of the Orcish Mines
 20986 | Orc:1    | Paralysed by an orc sorcerer for 3 turns
 21231 | Orc:2    | Entered Level 2 of the Orcish Mines
 21231 | Orc:2    | Found Tumpuqirr's Antique Weapon Shoppe.
 21256 | Orc:2    | Reached skill level 10 in Poison Magic
 21446 | Orc:2    | Found Sege's Jewellery Emporium.
 21630 | Orc:2    | Found a roughly hewn altar of Beogh.
 21769 | Orc:2    | Noticed an orc warlord
 21773 | Orc:2    | Reached skill level 10 in Fighting
 21773 | Orc:2    | Reached skill level 10 in Short Blades
 21773 | Orc:2    | Reached skill level 10 in Long Blades
 21773 | Orc:2    | Reached skill level 10 in Axes
 21773 | Orc:2    | Reached skill level 10 in Maces & Flails
 21773 | Orc:2    | Reached skill level 10 in Polearms
 21773 | Orc:2    | Reached skill level 10 in Staves
 21773 | Orc:2    | Reached skill level 10 in Slings
 21773 | Orc:2    | Reached skill level 10 in Bows
 21773 | Orc:2    | Reached skill level 10 in Crossbows
 21773 | Orc:2    | Reached skill level 10 in Throwing
 21773 | Orc:2    | Reached skill level 10 in Armour
 21773 | Orc:2    | Reached skill level 10 in Shields
 21773 | Orc:2    | Reached skill level 10 in Unarmed Combat
 21773 | Orc:2    | Reached skill level 10 in Evocations
 21775 | Orc:2    | Killed an orc warlord
 21777 | Orc:2    | Found Vafeapn's Antique Armour Shoppe.
 22252 | Orc:2    | Noticed an orc warlord
 22263 | Orc:2    | Killed an orc warlord
 22341 | Orc:2    | Noticed an orc warlord
 22363 | Orc:2    | Killed an orc warlord
 22849 | Orc:2    | Found a staircase to the Elven Halls.
 22992 | Orc:2    | Identified the amulet of the Enemy {Acrobat rC+ Int+3}
 23249 | Orc:2    | Found Tawesmak's General Store.
 23262 | Orc:2    | Bought a scroll of acquirement for 728 gold pieces
 23262 | Orc:2    | Acquired 1102 gold pieces
 23279 | Orc:2    | Learned a level 6 spell: Ozocubu's Refrigeration
 24148 | D:11     | Found a radiant altar of Vehumet.
 24835 | D:12     | Noticed Rupert
 24842 | D:12     | Killed Rupert
 24843 | D:12     | Reached XP level 16. HP: 107/123 MP: 29/31
 24933 | D:12     | Noticed Frances
 24949 | D:12     | Killed Frances
 24975 | D:12     | Noticed Snorg
 24990 | D:12     | Killed Snorg
 25111 | D:12     | Found Eddoed Poupo's Jewellery Shoppe.
 26229 | D:13     | Lost mutation: Your muscles are strong. (Str +2) [potion of
                  | mutation]
 26229 | D:13     | Lost mutation: [You occasionally shout uncontrollably at
                  | your foes.] [potion of mutation]
 26229 | D:13     | Gained mutation: You tend to lose your temper in combat.
                  | [potion of mutation]
 26229 | D:13     | Gained mutation: You have a somewhat thin skeletal
                  | structure. (Dex +2, Stealth) [potion of mutation]
 26229 | D:13     | Gained mutation: You expend magic power (3 MP) to
                  | strengthen your wands. [potion of mutation]
 26794 | D:14     | Found a gate to the Vaults.
 27308 | D:15     | Entered Level 15 of the Dungeon
 27375 | D:15     | Reached ****** piety under Ashenzari
 28081 | D:15     | Found a staircase to the Depths.
 28286 | D:15     | Found a runed translucent door.
 28290 | D:15     | Identified the +4 rapier "Ittuekko" {drain, Int+2}
 28291 | D:15     | Identified the +4 short sword of Arrival {flame, rElec
                  | Str-3 Int+3 SInv}
 29755 | Elf:1    | Entered Level 1 of the Elven Halls
 29902 | Elf:1    | Found Xeut's Book Emporium.
 29905 | Elf:1    | Bought a book of Power for 630 gold pieces
 29912 | Elf:1    | Learned a level 6 spell: Iron Shot
 30391 | Elf:1    | Reached XP level 17. HP: 131/131 MP: 33/33
 31058 | Elf:1    | Found a runed translucent door.
 31059 | Elf:1    | Noticed Renzlar's ghost (adept GnFi)
 31179 | Elf:1    | Killed Renzlar's ghost
 31232 | Elf:1    | Lost mutation: You expend magic power (3 MP) to strengthen
                  | your wands. [potion of mutation]
 31232 | Elf:1    | Lost mutation: You tend to lose your temper in combat.
                  | [potion of mutation]
 31232 | Elf:1    | Gained mutation: You have a pair of small horns on your
                  | head. [potion of mutation]
 31232 | Elf:1    | Gained mutation: You are agile. (Dex +2) [potion of
                  | mutation]
 31232 | Elf:1    | Gained mutation: You are covered in fur. (AC +1) [potion of
                  | mutation]
 31232 | Elf:1    | Gained mutation: You are partially covered in icy blue
                  | scales. (AC +2) [potion of mutation]
 31610 | Elf:2    | Found Ligh's Elven Fire.
 31760 | Elf:2    | Bought Tam Ydi's Guide on the Blaze for 913 gold pieces
 31766 | Elf:2    | Learned a level 5 spell: Fireball
 31914 | Elf:2    | Reached skill level 10 in Transmutations
 32154 | Elf:2    | Found Tecaompi's Weapon Shoppe.
 32257 | Elf:2    | Found a huge runed translucent gate.
 32257 | Elf:2    | Found a huge runed translucent gate.
 32257 | Elf:2    | Found a huge runed translucent gate.
 32257 | Elf:2    | Found a huge runed translucent gate.
 32258 | Elf:2    | Found a huge runed translucent gate.
 33292 | Elf:2    | Reached skill level 10 in Conjurations
 33292 | Elf:2    | Reached skill level 10 in Hexes
 33292 | Elf:2    | Reached skill level 10 in Summonings
 33292 | Elf:2    | Reached skill level 10 in Necromancy
 33292 | Elf:2    | Reached skill level 10 in Translocations
 33292 | Elf:2    | Reached skill level 10 in Fire Magic
 33292 | Elf:2    | Reached skill level 10 in Ice Magic
 33292 | Elf:2    | Reached skill level 10 in Air Magic
 33292 | Elf:2    | Reached skill level 10 in Earth Magic
 33650 | Snake:1  | Entered Level 1 of the Snake Pit
 33718 | Snake:1  | Noticed Louise
 33726 | Snake:1  | Cast into level 3 of the Abyss (Louise)
 33732 | Abyss:3  | Identified the cursed +0 long sword of Pandemonium
                  | {antimagic, rF+ Int+4 SInv}
 33838 | Abyss:3  | Noticed a tentacled starspawn
 33889 | Abyss:3  | Killed a tentacled starspawn
 33895 | Abyss:3  | Noticed a profane servitor
 33912 | Abyss:3  | Killed a profane servitor
 34003 | Abyss:3  | Found a shimmering blue altar of Sif Muna.
 34012 | Abyss:3  | Slain by a spatial maelstrom

Illustrated notes

Levels and vault maps discovered:
D:1:      minmay_arrival_floating_metal, layout_basic, minmay_ruptured
D:2:      layout_basic, nicolae_overflow_crystal_walls
D:3:      layout_rooms, uniq_terence
D:4:      layout_cave_pools, eat_drink_and_be_merry_uskayaw,
          chequers_hall_statues_y, minmay_misc_feat_plants,
          grunt_dithmenos_smoke
D:5:      layout_loops_ring, pdpol_wu_jian_five_deadly_venoms,
          gammafunk_temple_overflow_statue, kennysheep_cluttered_room,
          minmay_chambers_of_fives, uniq_sigmund
D:6:      layout_basic, old_standard_altar, basic_altar, uniq_maggie, uniq_pikel
D:7:      layout_basic, minmay_temple_entry_sparse_star,
          chequers_ossuary_entry_cave, serial_shops, shop,
          nicolae_shop_behind_doors, kennysheep_mini, kennysheep_generic_room_6
D:8:      layout_basic, special_room [special_room_orc], uniq_joseph
D:9:      kennysheep_housing_project, layout_gridville, lair_entry_dummy,
          basic_altar
D:10:     layout_basic, david_orc_5, amcnicky_mini_corridor_feature
D:11:     layout_gridville, lemuel_altar_in_water
D:12:     layout_gridville, serial_shops, nicolae_shop_stone, uniq_rupert,
          uniq_snorg, uniq_frances
D:13:     layout_loops_ring, special_room [special_room_bee], grunt_ogre_cave
D:14:     layout_roguey, david_vaults_2
D:15:     grunt_enter_depths_snipers, layout_rooms, minmay_crystal_box
Lair:1:   layout_cave_pods, serial_bayou_pond_c
Lair:2:   layout_roguey, basic_altar, st_stairs_12, serial_bayou_crossing,
          lemuel_fruit_tree
Lair:3:   layout_cave_pods, minmay_swamp_entry_eels, ice2_lemuel,
          serial_bayou_shore_a, lemuel_fruit_fields
Lair:4:   hangedman_what_comes_after_a, layout_hall_layers,
          minmay_snake_entry_six_corridors, eino_house_with_fridge,
          minmay_lair_oklob_chamber, infiniplex_staircase_pool
Lair:5:   layout_roguey, grunt_megastairs_5
Lair:6:   hangedman_lair_tendril_chambers, layout_loops_ring,
          hangedman_lair_caniforms_friends, slime_altar_1, basic_altar,
          small_statue_intersection
Snake:1:  layout_basic, serial_shops, shop, minmay_shop_enchanted_jewellery,
          drop_trap, guppyfry_snake_island, minmay_shop_grove, uniq_louise,
          uniq_nikola
Orc:1:    layout_diamond_mine
Orc:2:    grunt_orc_gardens, layout_caves, grunt_orc_garden, grunt_orc_garden,
          grunt_orc_garden, grunt_orc_garden, basic_altar, minmay_orc_treasury
Elf:1:    eino_elf_arrival_the_gate, layout_loops_corners, serial_shops,
          nicolae_shop_behind_doors, ebering_ghost_reflecting_pool,
          evilmike_minifort
Elf:2:    layout_onion_city, serial_shops, shop_fountains,
          nicolae_elf_glass_and_crystal_pillar_1, guppyfry_elf_lava
Abyss:3:  base: Snake:3, nicolae_abyss_rune_star_stuff, minivault_20,
          minivault_20, nicolae_abyss_rune_star_stuff

Skill      XL: |  1  2  3  4  5  6  7  8  9 10 11 12 13 14 15 16 17 |
---------------+----------------------------------------------------+-----
Transmutations | 2 3 4 5 6 7 8 9 10 | 10.3
Spellcasting   | 5 6 7 8 9 10 11 12 | 12.6
Invocations    | 1 2 3 4 5 6 7 8 9 10 11 12 | 12.7
Fighting       | 1 2 3 4 5 6 7 8 9 10 11 | 11.8
Short Blades   | 1 2 3 4 5 6 7 8 9 10 11 | 11.8
Long Blades    | 1 2 3 4 5 6 7 8 9 10 11 | 11.8
Axes           | 1 2 3 4 5 6 7 8 9 10 11 | 11.8
Maces & Flails | 1 2 3 4 5 6 7 8 9 10 11 | 11.8
Polearms       | 1 2 3 4 5 6 7 8 9 10 11 | 11.8
Staves         | 1 2 3 4 5 6 7 8 9 10 11 | 11.8
Slings         | 1 2 3 4 5 6 7 8 9 10 11 | 11.8
Bows           | 1 2 3 4 5 6 7 8 9 10 11 | 11.8
Crossbows      | 1 2 3 4 5 6 7 8 9 10 11 | 11.8
Throwing       | 1 2 3 4 5 6 7 8 9 10 11 | 11.8
Armour         | 1 2 3 4 5 6 7 8 9 10 11 | 11.8
Shields        | 1 2 3 4 5 6 7 8 9 10 11 | 11.8
Unarmed Combat | 1 2 3 4 5 6 7 8 9 10 11 | 11.8
Evocations     | 1 2 3 4 5 6 7 8 9 10 11 | 11.8
Conjurations   | 1 2 3 4 5 6 7 8 9 10 | 10.1
Hexes          | 1 2 3 4 5 6 7 8 9 10 | 10.1
Summonings     | 1 2 3 4 5 6 7 8 9 10 | 10.1
Necromancy     | 1 2 3 4 5 6 7 8 9 10 | 10.1
Translocations | 1 2 3 4 5 6 7 8 9 10 | 10.1
Fire Magic     | 1 2 3 4 5 6 7 8 9 10 | 10.1
Ice Magic      | 1 2 3 4 5 6 7 8 9 10 | 10.1
Air Magic      | 1 2 3 4 5 6 7 8 9 10 | 10.1
Earth Magic    | 1 2 3 4 5 6 7 8 9 10 | 10.1
Dodging        | 5 6 7 8 9 10 11 12 | 12.5
Stealth        | 5 6 7 8 9 10 11 12 | 12.4
Poison Magic   | 6 7 8 9 10 11 | 11.3

Action                   |  1- 3 |  4- 6 |  7- 9 | 10-12 | 13-15 | 16-18 || total
-------------------------+-------+-------+-------+-------+-------+-------++-------
Melee: Unarmed           |     8 |       |       |       |       |       ||     8
       Dagger            |    32 |    58 |    15 |       |       |       ||   105
       Bite              |     5 |     6 |     4 |    17 |    39 |    60 ||   131
       Punch             |     1 |     1 |     1 |       |       |       ||     3
       Lance             |       |       |    27 |   316 |   680 |   486 ||  1509
       Headbutt          |       |       |       |       |       |    27 ||    27
 Cast: Sting             |    69 |    82 |    58 |    39 |    59 |    40 ||   347
       Ignite Poison     |       |     1 |     1 |     9 |    25 |    21 ||    57
       Olgreb's Toxic Ra |       |     2 |     5 |    25 |    80 |    58 ||   170
       Mephitic Cloud    |       |       |       |     1 |       |       ||     1
       Summon Lightning  |       |       |       |    13 |     9 |     8 ||    30
       Summon Guardian G |       |       |       |     2 |     5 |     4 ||    11
       Pain              |       |       |       |     1 |     1 |       ||     2
       Borgnjor's Vile C |       |       |       |       |     1 |     4 ||     5
       Ozocubu's Refrige |       |       |       |       |       |     1 ||     1
       Iron Shot         |       |       |       |       |       |    21 ||    21
Invok: Curse Item        |       |       |       |     4 |     3 |       ||     7
Evoke: Wand              |       |       |       |       |     1 |     2 ||     3
  Use: Scroll            |       |     1 |       |    10 |    18 |     2 ||    31
       Potion            |       |       |       |     4 |     4 |    10 ||    18
 Stab: Sleeping          |       |     1 |     1 |     5 |     2 |     7 ||    16
       Distracted        |       |       |       |     1 |     6 |     9 ||    16
Armor: Robe              |     4 |     1 |       |       |       |       ||     5
       Leather armour    |       |     1 |     7 |    54 |    82 |    44 ||   188
Dodge: Dodged            |    35 |    39 |    23 |   105 |   302 |   317 ||   821
       Repelled          |       |       |       |       |       |    16 ||    16
Block: Buckler           |       |       |       |    29 |   162 |   156 ||   347
